 Dungeon Crawl Stone Soup version 0.19-a0-1815-g4007336 (webtiles) character file.

161 GameOver the Caller (level 5, 0/42 HPs)
             Began as a Naga Summoner on Oct 5, 2016.
             Slain by a bat skeleton (1 damage)
             ... on level 3 of the Dungeon.
             The game lasted 00:10:45 (1959 turns).

GameOver the Caller (Naga Summoner)                 Turns: 1959, Time: 00:10:47

Health: 0/42       AC:  2    Str: 10    XL:     5   Next: 42%
Magic:  5/8        EV: 10    Int: 22    God:
Gold:   117        SH:  0    Dex: 11    Spells: 3 memorised, 0 levels left

rFire  . . .     SeeInvis +     r - +0 halberd
rCold  . . .     Gourm    .     a - +0 robe
rNeg   . . .     Faith    .     (shield currently unavailable)
rPois  +         Spirit   .     (no helmet)
rElec  .         Dismiss  .     (no cloak)
rCorr  .         Reflect  .     (no gloves)
MR     .....     Harm     .     (no barding)
Stlth  ++........               (no amulet)
                                (no ring)
                                (no ring)

@: brilliant, flying, very slow
A: see invisible, deformed body, poison resistance, slowness 2, slow metabolism
1, spit poison 1, AC +1
a: Spit Poison


You were on level 3 of the Dungeon.
You were hungry.

You visited 1 branch of the dungeon, and saw 3 of its levels.

You collected 117 gold pieces.

Inventory:

Hand Weapons
 e - a +0 dagger
 r - a +0 halberd (weapon)
 y - a cursed +0 whip
Missiles
 m - 30 sling bullets
 n - 23 arrows
 q - a throwing net (quivered)
 s - 31 bolts
Armour
 a - a +0 robe (worn)
Jewellery
 k - an uncursed ring of fire {unknown}
 l - an uncursed amulet of guardian spirit {unknown}
Scrolls
 d - a scroll of teleportation {unknown}
 f - 3 scrolls of identify {unknown}
 h - 3 scrolls of enchant weapon {unknown}
 j - 2 scrolls of remove curse {unknown}
 p - a scroll of random uselessness {unknown}
 x - a scroll of enchant armour {unknown}
 A - a scroll of immolation {unknown}
Potions
 g - a potion of agility {unknown}
 o - a potion of heal wounds {unknown}
 t - a potion of brilliance
 u - a potion of ambrosia {unknown}
 v - a potion of curing {unknown}
 z - a potion of flight
 D - a potion of might {unknown}
Books
 b - a book of Callings

   Spells                             Type                      Level
   a - Summon Small Mammal            Summoning                    1
   b - Call Imp                       Summoning                    2
   c - Call Canine Familiar           Summoning                    3
   d - Summon Guardian Golem          Hexes/Summoning              3
   e - Summon Lightning Spire         Summoning/Air                4
   f - Summon Ice Beast               Ice/Summoning                4
 w - a book of Misfortune

   Spells                             Type                      Level
   a - Confusing Touch                Hexes                        1
   b - Confuse                        Hexes                        3
   c - Gell's Gravitas                Hexes/Translocation          3
   d - Petrify                        Transmutation/Earth          4
   e - Metabolic Englaciation         Hexes/Ice                    5
   f - Yara's Violent Unravelling     Hexes/Transmutation          5
Comestibles
 c - 2 bread rations
 i - a slice of pizza
 B - 3 chunks of flesh
 C - a meat ration


   Skills:
 - Level 1.5 Dodging
 - Level 3.0 Stealth
 - Level 2.0 Spellcasting
 + Level 6.2 Summonings
 * Level 1.4 Air Magic


You couldn't memorise any spells.
You knew the following spells:

 Your Spells              Type           Power        Failure   Level  Hunger
a - Summon Small Mammal   Summ           ####         1%          1    #......
q - Summon Lightning Spi  Summ/Air       ####....     4%          4    #####..
w - Call Canine Familiar  Summ           #####...     1%          3    ###....


Dungeon Overview and Level Annotations

Branches:
Dungeon (3/15)

Altars:
Dithmenos
Gozag
Kikubaaqudgha
Makhleb
The Shining One


Innate Abilities, Weirdness & Mutations

You cannot wear boots.
Your serpentine skin is tough. (AC +1)
You have supernaturally acute eyesight. (SInv)
Armour fits poorly on your strangely shaped body.
Your system is resistant to poisons. (rPois)
You cover ground very slowly.
You have a slow metabolism.
You can spit poison.


Message History

The bat zombie hits you.
* * * LOW HITPOINT WARNING * * *
Your hound bites the bat skeleton.
The bat skeleton barely misses you.
Unknown command.
Unknown command.
It was a potion of brilliance.
You feel clever all of a sudden. The bat zombie hits you.
* * * LOW HITPOINT WARNING * * *
The bat skeleton closely misses you. The vampire bat bites your hound.
The bat zombie closely misses you.
Your hound misses the vampire bat. The bat skeleton barely misses you.
The bat zombie closely misses you.
It was a potion of flight.
You feel very buoyant.
You fly up into the air.
The bat skeleton hits you but does no damage.
The vampire bat bites your hound. The bat zombie barely misses you.
The bat skeleton barely misses you. The bat zombie barely misses you.
The bat skeleton hits you.
You die...

##.#. #.... #.... #.... #.#..
######.#.. #### # #####
#......... ...# .## ######Z#.#
#.##.#.##. ...#####.###...#@Z.#
###..#.##. .......#.##.#h#.#.#.#
#..#.##. ...###.#.#.⌠|#.⌠.#h⌠.#
#..#.##.
...##....'..#.#.#.#.#.⌠.⌠#.....#.
#####..#.'.#.⌠.#.⌠.#b.._.#.....#.
#..#.'..#.#.#.#.#.⌠.⌠##.##.##
#....#.⌠.#.⌠.#.⌠.#...##......
####.##>##.#.#.#.#.#.#.######.#.
........###...#.⌠.#.⌠.###.###.#.


You could see a vampire bat, a bat zombie, a bat skeleton and a friendly hound.

Vanquished Creatures
  A vampire bat (D:3)
  Terence (D:2)
  2 adders (D:3)
  2 dart slugs
  A bat skeleton (D:3)
  A giant cockroach (D:2)
  6 goblins (D:1)
  A hobgoblin (D:1)
  5 jackals
  4 kobolds (D:1)
  A quokka (D:3)
  A ball python (D:2)
  2 bats (D:2)
  6 rats
34 creatures vanquished.

Vanquished Creatures (collateral kills)
  A hound (D:2)
  3 gnolls (D:2)
  2 adders (D:2)
  A worm (D:2)
  A dart slug (D:2)
  A bat (D:2)
  2 bat skeletons (D:3)
  A bat zombie (D:3)
  3 jackals (D:2)
  A rat (D:1)
16 creatures vanquished.

Grand Total: 50 creatures vanquished

Notes
Turn   | Place    | Note
-------+----------+-------------------------------------------
     0 | D:1      | GameOver the Naga Summoner began the quest for the Orb.
     0 | D:1      | Reached XP level 1. HP: 15/15 MP: 3/3
   123 | D:1      | Reached XP level 2. HP: 10/22 MP: 5/5
   677 | D:1      | Reached XP level 3. HP: 28/28 MP: 6/6
   682 | D:1      | Learned a level 3 spell: Call Canine Familiar
   865 | D:2      | Reached skill level 5 in Summonings
   889 | D:2      | Noticed Terence
   963 | D:2      | Found an opulent altar of Gozag.
  1201 | D:2      | Reached XP level 4. HP: 36/36 MP: 2/7
  1230 | D:2      | Found a glowing golden altar of the Shining One.
  1230 | D:2      | Found a shadowy altar of Dithmenos.
  1281 | D:2      | Killed Terence
  1311 | D:2      | Found a burning altar of Makhleb.
  1429 | D:2      | Reached skill level 6 in Summonings
  1860 | D:3      | Reached XP level 5. HP: 42/42 MP: 8/8
  1866 | D:3      | Learned a level 4 spell: Summon Lightning Spire
  1941 | D:3      | Found an ancient bone altar of Kikubaaqudgha.
  1947 | D:3      | Reached skill level 1 in Air Magic
  1957 | D:3      | HP: 2/42 [bat zombie (1)]
  1959 | D:3      | Slain by a bat skeleton

Vault maps used:
D:1:      dpeg_arrival_ternary
D:2:      makhleb_blood_cavern_becter, lemuel_crystal_altar,
          gammafunk_temple_overflow_statue, first_bread, uniq_terence
D:3:      kennysheep_vampire_church, nemelex_xobeh_ov_fountains_minmay

Skill      XL: |  1  2  3  4  5 |
---------------+----------------+-----
Summonings     | 5 6 |  6.2
Air Magic      | 1 |  1.4
Dodging        | |  1.5
Stealth        | |  3.0
Spellcasting   | |  2.0

Action                   |  1- 3 |  4- 6 || total
-------------------------+-------+-------++-------
Melee: Dagger            |    15 |       ||    15
       Halberd           |       |    29 ||    29
 Cast: Summon Small Mamm |     5 |       ||     5
       Call Canine Famil |     5 |     5 ||    10
 Abil: Spit Poison       |    33 |    14 ||    47
  Use: Potion            |       |     2 ||     2
 Stab: Distracted        |     1 |       ||     1
  Eat: Chunk             |     3 |     3 ||     6
Armor: Robe              |     3 |    22 ||    25
Dodge: Dodged            |    10 |    34 ||    44
